Map: World of Sleepers LE

Players

SGTJONES - Winner!

  • Race: Terran Terran
  • Spawn Location: 7:00

Djorn

  • Race: Protoss Protoss
  • Spawn Location: 1:00

VOD

Have the link to the VOD?

Description

Time

  • Played on: Aug. 23, 2019, 11:26 p.m.
  • Length: 8:09
Show
View Real Time Build Order
Export as new Build Order

SGTJONES Terran - Winner!

Build Orders:  

Get SALT Encoding   

  12  0:01  SCV  
  13  0:14  SCV  
  14  0:17  Supply Depot  
  14  0:26  SCV  
  15  0:38  SCV  
  15  0:40  Barracks  
  16  0:46  Refinery  
  16  0:50  SCV  
  17  1:03  SCV  
  18  1:15  SCV  
  19  1:27  Marine, SCV  
  21  1:33  Supply Depot  
  21  1:39  SCV  
  22  1:53  SCV  
  23  1:58  Command Center  
  23  2:01  Barracks Reactor  
  23  2:07  Refinery  
  23  2:09  Orbital Command  
  23  2:38  Factory  
  23  2:40  Marine  
  23  2:41  Marine  
  25  2:44  SCV  
  25  2:45  Barracks  
  26  3:04  Marine  
  26  3:05  Marine  
  28  3:10  SCV  
  28  3:11  Barracks  
  29  3:22  Marine x2  
  31  3:30  Supply Depot  
  31  3:33  SCV  
  32  3:38  Barracks Tech Lab  
  32  3:40  Marine  
  33  3:43  Starport  
  33  3:44  Factory Tech Lab  
  33  3:46  Marine  
  33  3:48  SCV  
  35  3:54  Supply Depot  
  35  3:58  Marine  
  35  4:00  Orbital Command  
  36  4:03  SCV  
  36  4:08  Barracks Reactor  
  37  4:14  Stimpack  
  37  4:18  Siege Tank  
  40  4:28  SCV x2  
  42  4:35  Medivac  
  42  4:37  Marine x2  
  46  4:40  SCV x2  
  46  4:44  Marine  
  46  4:45  Marine x2  
  51  4:51  Supply Depot  
  51  4:55  Supply Depot  
  51  4:56  SCV  
  51  4:57  SCV  
  53  5:01  Refinery  
  53  5:03  Siege Tank  
  53  5:05  Marine  
  57  5:07  Marine  
  57  5:08  SCV  
  57  5:10  Marauder  
  60  5:30  Marine x3  
  60  5:31  Marine  
  64  5:35  Medivac  
  64  5:39  SCV x2  
  68  5:43  Marine  
  68  5:48  Marine  
  68  5:49  Marine x3  
  72  5:51  SCV  
  72  5:52  Siege Tank, SCV  
  78  5:58  Combat Shield  
  78  6:09  Supply Depot  
  78  6:10  SCV, Marine  
  80  6:19  SCV  
  80  6:20  Marine x4  
  80  6:21  Supply Depot x2, Refinery  
  80  6:23  SCV  
  86  6:31  Widow Mine, SCV, Marine  
  82  6:56  Marine x3  
  82  6:57  Marine x2  
  82  6:59  Siege Tank  
  85  7:18  Marine x4  
  85  7:22  Marine  
  89  7:25  Medivac  
  88  7:31  Siege Tank  
  88  7:36  Marine  
  89  7:38  Marine x2  
  89  7:39  Marine  
  89  7:40  Marine  
  89  7:43  Command Center  
  90  7:45  Command Center  
Show
View Real Time Build Order
Export as new Build Order

Djorn Protoss 

Build Orders: Double Forge 

Get SALT Encoding   

  12  0:01  Probe  
  13  0:15  Probe  
  14  0:26  Pylon  
  14  0:29  Probe  
  15  0:44  Probe  
  16  0:51  Gateway  
  16  0:55  Gateway  
  16  1:00  Pylon  
  16  1:02  Probe  
  16  1:11  Probe  
  17  1:14  Assimilator  
  18  1:20  Probe  
  19  1:32  Probe  
  20  1:39  Cybernetics Core  
  20  1:44  Probe  
  21  1:59  Zealot  
  23  2:03  Probe  
  24  2:15  Probe  
  25  2:23  Pylon  
  25  2:39  Adept  
  25  2:43  Nexus  
  27  2:45  Probe  
  27  2:50  Assimilator  
  28  2:57  Pylon  
  28  3:09  Adept  
  30  3:17  Robotics Facility  
  30  3:20  Warp Gate  
  30  3:23  Probe  
  31  3:35  Probe  
  32  3:47  Probe  
  33  4:03  Gateway  
  33  4:04  Gateway  
  33  4:12  Pylon  
  33  4:15  Probe  
  34  4:19  Probe  
  35  4:27  Probe  
  35  4:31  Probe  
  35  4:36  Shield Battery  
  35  4:39  Probe  
  35  4:43  Probe  
  37  4:52  Forge  
  37  4:54  Forge  
  37  4:55  Probe  
  37  4:57  Immortal  
  42  5:07  Probe  
  43  5:19  Pylon  
  43  5:24  Twilight Council  
  43  5:29  Probe, Assimilator  
  43  5:33  Probe  
  45  5:36  Immortal  
  45  5:38  Protoss Ground Weapons Level 1  
  45  5:40  Protoss Ground Armor Level 1  
  45  5:41  Probe  
  50  5:45  Probe  
  51  5:50  Adept  
  51  5:51  Adept x2  
  51  5:53  Probe  
  58  5:57  Probe  
  58  6:01  Pylon  
  59  6:05  Probe  
  59  6:10  Probe, Charge  
  61  6:18  Probe  
  62  6:19  Adept x4  
  62  6:22  Probe  
  71  6:30  Probe  
  53  6:56  Zealot  
  53  6:57  Zealot x3  
  54  7:03  Immortal  
  48  7:18  Zealot x2  
  48  7:19  Zealot x2  
  55  7:46  Stalker  
  46  8:01  Zealot x2  
Tags
 
Add a new tag
Caveats
  • Supply blocks, unpowered buildings, or Contaminate may cause inaccurate times.
  • Supply counts are checked every 10 seconds.